 Dungeon Crawl Stone Soup version 0.30-a0-782-ge64f9170bb (webtiles) character file.

Game seed: 12309329500157562612

16160 timneilson the Protected (level 12, 0/73 HPs)
             Began as a Gargoyle Fighter on Feb 18, 2023.
             Was an Elder of Okawaru.
             Slain by a killer bee (9 damage)
             ... on level 11 of the Dungeon.
             The game lasted 00:22:22 (10736 turns).

timneilson the Protected (Gargoyle Fighter)        Turns: 10736, Time: 00:22:23

Health: 0/73       AC:  0    Str: 19    XL:     12   Next: 34%
Magic:  16/16      EV: 16    Int: 11    God:    Okawaru [****..]
Gold:   512        SH:  0    Dex: 13    Spells: 11/11 levels left

rFire   . . .      SeeInvis .    (weapon currently unavailable)
rCold   . . .      Faith    .    (shield currently unavailable)
rNeg    + . .      Spirit   .    (body armour currently unavailable)
rPois   ∞          Reflect  .    (helmet currently unavailable)
rElec   .          Harm     .    (cloak currently unavailable)
rCorr   .          Rampage  .    (gloves currently unavailable)
Will    .....                    (boots currently unavailable)
Stlth   +                        (no amulet)
HPRegen 0.32/turn                (ring currently unavailable)
MPRegen 0.15/turn                (ring currently unavailable)

@: pig-form (expiring), very quick
A: fast, no casting, sickness immunity, AC +8, small, negative energy resistance
1, (electricity resistance), torment resistance 1, petrification resistance
a: Renounce Religion, Heroism, Finesse


You were on level 11 of the Dungeon.
You worshipped Okawaru.
Okawaru was greatly pleased with you.
You were a filthy swine.
You visited 2 branches of the dungeon, and saw 12 of its levels.

You collected 512 gold pieces.

Inventory:

Hand Weapons
 a - a +1 long sword
 t - the +0 scimitar "Corytiac" {elec, Int+2}
   (You acquired it on level 6 of the Dungeon)

   Int:       It affects your intelligence (+2).
 B - a +4 scimitar of flaming (melded)
Missiles
 m - 3 throwing nets (quivered)
Armour
 c - a +0 buckler (melded)
 e - a +0 helmet (melded)
 n - the +6 chain mail "Afrizuq" (melded) {rC+ Str+3}
   (You found it on level 3 of the Dungeon)

   Str:       It affects your strength (+3).
   rC:        It protects you from cold.
 v - a +0 cloak (melded)
Jewellery
 k - a +4 ring of protection (melded)
 y - an amulet of reflection
Wands
 d - a wand of roots (22)
 h - a wand of flame (9)
Scrolls
 b - a scroll of enchant weapon
 f - a scroll of poison
 j - 4 scrolls of teleportation
 o - 2 scrolls of amnesia
 x - a scroll of torment
 A - a scroll of enchant armour
Potions
 g - a potion of curing
 i - a potion of attraction
 l - a potion of mutation
 q - 4 potions of lignification
 r - a potion of magic
 u - 2 potions of resistance
 w - 3 potions of berserk rage
 z - a potion of might
 C - a potion of flight {unknown}


   Skills:
 + Level 7.9 Fighting
 * Level 8.8 Long Blades
 * Level 10.7 Armour
 + Level 5.3 Dodging
 * Level 10.7 Shields
 + Level 6.0 Invocations
 + Level 5.2 Evocations


You had 11 spell levels left.
You didn't know any spells.
Your spell library contained the following spells:

 Spells                   Type           Power      Damage    Failure   Level
 Ensorcelled Hibernation  Hex/Ice        0%         N/A       47%         2
 Dazzling Flash           Conj/Hex       0%         N/A       71%         3
 Spider Form              Tmut/Pois      0%         N/A       71%         3
 Anguish                  Hex/Necr       0%         N/A       98%         4
 Agony                    Necr           0%         N/A       100%        5
 Silence                  Hex/Air        0%         N/A       100%        5
 Storm Form               Tmut/Air       0%         N/A       100%        7
 Maxwell's Capacitive Co  Air            0%         ∞         100%        8
 Summon Lightning Spire   Summ/Air       Unusable   N/A       N/A         4

Dungeon Overview and Level Annotations

Branches:
Dungeon (11/15)            Temple (1/1) D:5            Lair (0/5) D:9
    Orc (0/2) D:9

Altars:
Ashenzari
Cheibriados
Dithmenos
Elyvilon
Fedhas
Gozag
Hepliaklqana
Kikubaaqudgha
Makhleb
Nemelex Xobeh
Okawaru
Qazlal
Ru
Sif Muna
Trog
Uskayaw
Vehumet
Wu Jian
Xom
Yredelemnul
Zin
The Shining One

Shops:
D:6 *   D:10 *?

Annotations:
D:8 3 runed translucent doors, 2 transporters, mandoloar's ghost, novice DECj
D:10 1 runed translucent door, IdlyInterested's ghost, journeyman DsGl


Innate Abilities, Weirdness & Mutations

You are a filthy swine.
You move quickly.
Your equipment is almost entirely melded.
You are incapable of wielding weapons or throwing items.
You cannot cast spells.
You are immune to sickness and miasma.
((Your stone body is resilient. (AC +8)))
You are immune to poison.
You resist negative energy. (rN+)
((You are resistant to electric shocks. (rElec)))
You are resistant to unholy torment.
You are immune to petrification.


Message History

The killer bee stings you but does no damage.
The gnoll sergeant zaps a wand.
You turn into a filthy swine.
Your +4 scimitar of flaming melds into your body.
Your +0 cloak melds into your body.
Your +0 helmet melds into your body.
Your +0 buckler melds into your body.
The +6 chain mail "Afrizuq" {rC+ Str+3} melds into your body.
Your +4 ring of protection melds into your body.
Your +4 scimitar of flaming stops flaming.
You barely miss the killer bee. The killer bee misses you.
The gnoll sergeant hits you with a +0 long sword!
The killer bee closely misses you.
Unknown command.
The killer bee attacks as you move away!
The killer bee stings you. The killer bee misses you.
The killer bee attacks as you move away!
The killer bee stings you!
The killer bee attacks as you move away!
The killer bee misses you. The killer bee stings you!
The killer bee attacks as you move away!
The killer bee stings you! The killer bee completely misses you.
The killer bee attacks as you move away!
The killer bee closely misses you.
Your transformation is almost over.
The killer bee misses you.
The killer bee attacks as you move away!
The killer bee completely misses you.
The killer bee attacks as you move away!
The killer bee closely misses you. The killer bee misses you.
The killer bee attacks as you move away!
The killer bee misses you. The killer bee stings you!
* * * LOW HITPOINT WARNING * * *
The killer bee attacks as you move away!
The killer bee stings you!
* * * LOW HITPOINT WARNING * * *
The killer bee misses you. The killer bee stings you!
You die...

. #.# #######.### #.#
....#.#D..# #.# ..gg#...# #.#
#.#.)O# #.# ....#...# #.#
....#.#...# #.#
#############################.#
..g.....g......yh.......[.....#
.................)....#########
#######################


You could see a killer bee.

Vanquished Creatures
  An ogre mage (D:11)
  A centaur warrior (D:11)
  A two-headed ogre (D:11)
  A skeletal warrior (D:11)
  A manticore (D:11)
  A gargoyle (D:11)
  Joseph (D:10)
  An efreet (D:11)
  A kobold demonologist (D:11)
  A troll (D:11)
  A hornet (D:9)
  Sigmund (D:4)
  14 yaks
  2 steam dragons
  2 wargs (D:9)
  2 acid dragons
  3 water moccasins
  5 orc warriors (D:9)
  2 ice beasts
  A black bear (D:5)
  An ogre (D:6)
  6 centaurs
  4 phantoms
  4 bullfrogs
  2 wyvern zombies (D:7)
  3 scorpions
  A necrophage (D:4)
  A water moccasin zombie (D:7)
  2 gnoll sergeants
  6 wights
  18 killer bees
  2 electric eels
  2 howler monkeys (D:7)
  A bullfrog zombie (D:7)
  2 jellies (D:5)
  6 hounds
  4 orc priests
  A gnoll bouda (D:7)
  4 iguanas
  5 orc wizards
  A killer bee zombie (D:7)
  Robin (D:3)
  18 gnolls
  6 adders
  A shadow imp (D:5)
  4 white imps
  An ufetubus (D:5)
  A worm (D:2)
  4 dart slugs
  29 orcs
  5 bats
  9 endoplasms
  2 giant cockroaches (D:1)
  12 hobgoblins
  4 jackals (D:2)
  2 quokkas
  9 ball pythons
  2 frilled lizards
  11 goblins
  4 kobolds
  27 rats
271 creatures vanquished.

Vanquished Creatures (others)
  2 sky beasts
  A plant (D:10)
3 creatures vanquished.

Grand Total: 274 creatures vanquished

Notes
Turn   | Place    | Note
-------+----------+-------------------------------------------
     0 | D:1      | timneilson the Gargoyle Fighter began the quest for the
                  | Orb.
     0 | D:1      | Reached XP level 1. HP: 14/14 MP: 1/1
   153 | D:1      | Reached XP level 2. HP: 16/19 MP: 2/2
   377 | D:1      | Found a faded altar of an unknown god.
   953 | D:2      | Reached XP level 3. HP: 11/23 MP: 3/3
  1944 | D:3      | Reached XP level 4. HP: 27/28 MP: 4/4
  2327 | D:3      | Noticed Robin
  2356 | D:3      | Killed Robin
  2357 | D:3      | Reached skill level 1 in Dodging
  2537 | D:3      | Identified the +6 chain mail "Afrizuq" {rC+ Str+3}
  2709 | D:3      | You fall into a shaft and drop 2 floors!
  2709 | D:5      | Entered Level 5 of the Dungeon
  2722 | D:4      | Noticed a centaur
  2737 | D:4      | Killed a centaur
  2738 | D:4      | Reached XP level 5. HP: 26/33 MP: 5/5
  3010 | D:4      | Reached XP level 6. HP: 38/38 MP: 6/6
  3413 | D:4      | Noticed Sigmund
  3422 | D:4      | Killed Sigmund
  3423 | D:4      | Reached skill level 5 in Armour
  3423 | D:4      | Reached skill level 5 in Shields
  3423 | D:4      | Reached XP level 7. HP: 32/44 MP: 7/7
  3977 | D:5      | Found a hide-covered altar of Uskayaw.
  4201 | D:5      | Identified the +6 scale mail of the Stained Sparrow {rF+
                  | Will+ rCorr Str-2}
  4302 | D:5      | Reached skill level 1 in Evocations
  4302 | D:5      | Reached XP level 8. HP: 48/48 MP: 8/8
  4775 | D:5      | Found a staircase to the Ecumenical Temple.
  4787 | Temple   | Entered the Ecumenical Temple
  4787 | Temple   | Found a transporter.
  4787 | Temple   | Found a transporter.
  4789 | Temple   | Found a transporter.
  4789 | Temple   | Found a transporter.
  4807 | Temple   | Became a worshipper of Warmaster Okawaru
  4972 | D:5      | Reached skill level 5 in Fighting
  5103 | D:5      | Reached skill level 1 in Invocations
  5152 | D:6      | Reached * piety under Okawaru
  5213 | D:6      | Found Congeo Page's General Store.
  5272 | D:6      | Reached skill level 5 in Long Blades
  5312 | D:6      | Reached XP level 9. HP: 54/54 MP: 9/9
  5590 | D:6      | Identified a scroll of acquirement
  5590 | D:6      | Acquired the +0 scimitar "Corytiac" {elec, Int+2}
  5748 | D:7      | Reached ** piety under Okawaru
  6384 | D:7      | Reached XP level 10. HP: 59/60 MP: 12/12
  6933 | D:8      | Found a runed translucent gate.
  6933 | D:8      | Found a runed translucent gate.
  6933 | D:8      | Found a runed translucent gate.
  7227 | D:8      | Found a white marble altar of Elyvilon.
  7293 | D:8      | Reached *** piety under Okawaru
  7474 | D:8      | Noticed an orc knight
  7588 | D:8      | Found a transporter.
  7591 | D:8      | Found a transporter.
  7642 | D:8      | Noticed mandoloar's ghost (novice DECj)
  7804 | D:9      | Reached XP level 11. HP: 49/67 MP: 12/14
  7866 | D:9      | Found a staircase to the Orcish Mines.
  8110 | D:9      | Reached skill level 5 in Invocations
  8240 | D:9      | Found a shadowy altar of Dithmenos.
  8448 | D:9      | Reached **** piety under Okawaru
  8480 | D:9      | Found a staircase to the Lair.
  8855 | D:10     | Entered Level 10 of the Dungeon
  8874 | D:10     | Found a runed translucent door.
  8875 | D:10     | Noticed IdlyInterested's ghost (journeyman DsGl)
  9178 | D:10     | Noticed Joseph
  9195 | D:10     | Killed Joseph
  9196 | D:10     | Reached skill level 10 in Armour
  9196 | D:10     | Reached skill level 10 in Shields
  9285 | D:10     | Found Esudoaj's Magic Scroll Boutique.
  9286 | D:10     | Found Bihoept's Assorted Antiques.
 10000 | D:11     | Reached skill level 5 in Dodging
 10216 | D:11     | Noticed a two-headed ogre
 10224 | D:11     | Killed a two-headed ogre
 10225 | D:11     | Reached XP level 12. HP: 73/73 MP: 13/16
 10270 | D:11     | Reached skill level 5 in Evocations
 10387 | D:11     | Noticed a centaur warrior
 10404 | D:11     | Killed a centaur warrior
 10428 | D:11     | Reached ***** piety under Okawaru
 10434 | D:11     | Noticed an ogre mage
 10460 | D:11     | Paralysed by an ogre mage for 3 turns
 10524 | D:11     | Paralysed by an ogre mage for 3 turns
 10534 | D:11     | Killed an ogre mage
 10736 | D:11     | Slain by a killer bee

Illustrated notes

Levels and vault maps discovered:
D:1:      minmay_arrival_diagonal_passages, layout_loops_corners,
          dreamdust_ecumenical_altar_statues, minmay_tromino_v4_c
D:2:      layout_basic
D:3:      layout_loops_cross, uniq_robin
D:4:      cheibrodos_helix_gallery, layout_loops_ring, minmay_rat_hole,
          uniq_sigmund
D:5:      layout_basic, lemuel_doored_altar, minmay_temple_entry_glassed_door,
          lightli_minifort
D:6:      layout_basic, serial_shops, nicolae_stop_n_shop_2, serial_glass,
          glass_columns_b, glass_columns_b
D:7:      layout_basic, serial_undead, serial_undead_a, serial_undead_a,
          serial_undead_e, serial_undead_f
D:8:      gammafunk_beogh_shrine, layout_loops_ring, overflow_temple_1_default,
          gammafunk_ghost_icy
D:9:      minmay_evil_eye, layout_basic, grunt_dithmenos_smoke_and_mirrors,
          lair_entry_dummy, david_orc_1_choice
D:10:     layout_irregular_city, hellmonk_ghost_big_iron,
          nicolae_wooded_promenade, kennysheep_another_room, uniq_joseph
D:11:     minmay_the_grid_square_5x5_5x5
          [minmay_the_grid_square_5x5_two_walls_b,
          minmay_the_grid_square_5x5_checkered_sparse,
          minmay_the_grid_square_5x5_minimal,
          minmay_the_grid_square_5x5_intrusive_squares,
          minmay_the_grid_square_5x5_two_small,
          minmay_the_grid_square_5x5_beaten_path,
          minmay_the_grid_square_5x5_prize_deathbox,
          minmay_the_grid_square_5x5_plus,
          minmay_the_grid_square_5x5_prize_snowflake,
          minmay_the_grid_square_5x5_mess, minmay_the_grid_square_5x5_six_small,
          minmay_the_grid_square_5x5_two_walls_a,
          minmay_the_grid_square_5x5_prize_pseudospiral,
          minmay_the_grid_square_5x5_dogpile, minmay_the_grid_square_5x5_inset,
          minmay_the_grid_square_5x5_z,
          minmay_the_grid_square_5x5_prize_monsterx,
          minmay_the_grid_square_5x5_empty,
          minmay_the_grid_square_5x5_prize_junk,
          minmay_the_grid_square_5x5_three_small,
          minmay_the_grid_square_5x5_doubleslash, minmay_the_grid_square_5x5_c,
          minmay_the_grid_square_5x5_eight_small,
          minmay_the_grid_square_5x5_n_small,
          minmay_the_grid_square_5x5_three_walls], layout_basic, kb_rosetta
Temple:   hellmonk_temple_divided_pantheon

Skill      XL: |  1  2  3  4  5  6  7  8  9 10 11 12 |
---------------+-------------------------------------+-----
Long Blades    | 2 3 4 5 6 7 8 |  8.8
Shields        | 4 5 6 7 9 10 | 10.7
Armour         | 4 5 6 7 9 10 | 10.7
Dodging        | 1 2 3 4 5 |  5.3
Fighting       | 4 5 6 7 |  7.9
Evocations     | 1 2 3 4 5 |  5.2
Invocations    | 1 2 4 5 6 |  6.0

Action                     |  1- 3 |  4- 6 |  7- 9 | 10-12 || total
---------------------------+-------+-------+-------+-------++-------
  Melee: Long sword        |   137 |   216 |   445 |       ||   798
         Scimitar          |       |       |   152 |   560 ||   712
         Unarmed           |       |       |       |     1 ||     1
 Invoke: Heroism           |       |       |       |     6 ||     6
    Use: Scroll            |     5 |     4 |     2 |    11 ||    22
         Potion            |       |     1 |       |     7 ||     8
 Armour: Scale mail        |    92 |    42 |       |       ||   134
         Chain mail        |       |   128 |   518 |   349 ||   995
  Dodge: Dodged            |    63 |    99 |   295 |   269 ||   726
  Block: Buckler           |    23 |    51 |   200 |   199 ||   473

Table legend: (Time is in decaauts)
 A = Elapsed time spent in this place.
 B = Non-inter-level travel time spent in this place.
 C = Inter-level travel time spent in this place.
 D = Time resting spent in this place.
 E = Time spent auto-exploring this place.
 F = Levels seen in this place.
 G = Mean time per level.
                   A        B        C        D        E       F      G
               +--------+--------+--------+--------+--------+-----+--------+
         Total |  10956 |  10728 |    228 |    214 |   7556 |  12 |  913.0 |
       Dungeon |  10914 |  10691 |    223 |    214 |   7550 |  11 |  992.2 |
        Temple |     42 |     37 |      5 |      0 |      6 |   1 |   42.0 |
               +--------+--------+--------+--------+--------+-----+--------+

Top non-repeatable levels by time:
     D:5: 1288 daAuts
     D:9: 1171 daAuts
     D:7: 1169 daAuts
    D:10: 1048 daAuts
     D:4: 1022 daAuts
     D:2: 1017 daAuts
     D:3: 1005 daAuts
     D:1: 913 daAuts
     D:8: 832 daAuts
    D:11: 788 daAuts
     D:6: 655 daAuts
  Temple: 42 daAuts
